 Dungeon Crawl Stone Soup version 0.25-b1-37-g2669288c55 (webtiles) character file.

Game seed: 10496010103430950126

161 H0rd4k the Charlatan (level 5, 0/37 HPs)
             Began as a Human Artificer on June 4, 2020.
             Slain by a gnoll
             ... wielding a +0 halberd
              (15 damage)
             ... on level 3 of the Dungeon.
             The game lasted 00:03:43 (2721 turns).

H0rd4k the Charlatan (Human Artificer)              Turns: 2721, Time: 00:03:44

Health: 0/37       AC:  3    Str: 14    XL:     5   Next: 70%
Magic:  7/7        EV: 12    Int: 11    God:
Gold:   76         SH:  0    Dex: 13    Spells: 4/4 levels left

rFire    . . .     SeeInvis .   a - +0 short sword
rCold    . . .     Gourm    .   (no shield)
rNeg     . . .     Faith    .   b - +0 leather armour
rPois    .         Spirit   .   (no helmet)
rElec    .         Reflect  .   (no cloak)
rCorr    .         Harm     .   (no gloves)
MR       .....                  (no boots)
Stlth    +.........             t - amulet of magic regeneration
HPRegen  0.12/turn              h - ring of attention (curse)
MPRegen  0.35/turn              (no ring)

@: no status effects
A: no striking features
a: no special abilities


You were on level 3 of the Dungeon.
You were hungry.

You visited 1 branch of the dungeon, and saw 3 of its levels.

You collected 76 gold pieces.

Inventory:

Hand Weapons
 a - a +0 short sword (weapon)
Missiles
 n - 19 poisoned darts (quivered)
Armour
 b - a +0 leather armour (worn)
Jewellery
 h - a cursed ring of attention (left hand)
 s - a +6 ring of intelligence {unknown}
 t - an amulet of magic regeneration (around neck)
Wands
 c - a wand of flame (36)
 d - a wand of enslavement (4)
 e - a wand of random effects (7)
Scrolls
 i - a scroll of amnesia
 k - 2 scrolls of immolation
 l - 4 scrolls of identify
 q - a scroll of fog {unknown}
Potions
 g - a potion of heal wounds {unknown}
 j - a potion of magic {unknown}
 m - a potion of curing
 o - a potion of might {unknown}
 p - a potion of brilliance
 r - a potion of invisibility {unknown}
 u - a potion of mutation {unknown}
Comestibles
 f - 3 rations


   Skills:
 + Level 1.4 Fighting
 + Level 3.0 Short Blades
 + Level 1.4 Armour
 + Level 2.8 Dodging
 + Level 1.5 Stealth
 + Level 3.9 Evocations


You had 4 spell levels left.
You didn't know any spells.
Your spell library was empty.

Dungeon Overview and Level Annotations

Branches:
Dungeon (3/15)

Altars:


Message History

You hit the gnoll.
The gnoll is heavily wounded.
The gnoll closely misses you.
You hit the gnoll.
The gnoll is heavily wounded.
The gnoll hits you with a +0 halberd.
You closely miss the gnoll.
The gnoll is heavily wounded.
A worm comes into view.
A gnoll comes into view. It is wielding a +0 dagger.
You are feeling hungry.
The gnoll shouts!
You hit the gnoll but do no damage.
The gnoll is heavily wounded.
You hear a shout!
The gnoll closely misses you.
You barely miss the gnoll.
The gnoll is heavily wounded.
The gnoll hits you with a +0 halberd!
You die...

...........
#.###....... #.#
#........ #.#
#........ ..#
######### ... #####
### #... # ###.##.#
#...@..# #.#.#g.#
#############.#.#..#
.........#....#.#.g#
########'#'##.#.....
#........#....##
######).......'....w
..............#....#
.......#'######...


You could see a worm and 2 gnolls.

Vanquished Creatures
  An orc priest (D:3)
  Jessica (D:3)
  A gnoll (D:3)
  An adder (D:3)
  An ooze (D:2)
  2 worms
  2 dart slugs
  A leopard gecko (D:2)
  An orc (D:3)
  6 bats
  3 giant cockroaches
  3 goblins
  5 hobgoblins
  6 frilled lizards
  5 kobolds
  2 rats (D:3)
41 creatures vanquished.

Vanquished Creatures (collateral kills)
  An adder (D:2)
  An adder skeleton (D:2)
  A worm (D:2)
  A bat (D:2)
  A giant cockroach (D:2)
  2 hobgoblins (D:2)
  3 kobolds (D:2)
  2 rats (D:2)
12 creatures vanquished.

Vanquished Creatures (others)
  A water moccasin zombie (D:2)
  An adder (D:2)
  An orc (D:3)
  A bat (D:2)
  2 goblins (D:2)
  A frilled lizard (D:2)
7 creatures vanquished.

Grand Total: 60 creatures vanquished

Notes
Turn   | Place    | Note
-------+----------+-------------------------------------------
     0 | D:1      | H0rd4k the Human Artificer began the quest for the Orb.
     0 | D:1      | Reached XP level 1. HP: 15/15 MP: 3/3
   123 | D:1      | Reached XP level 2. HP: 17/21 MP: 4/4
  1087 | D:2      | Reached XP level 3. HP: 26/26 MP: 5/5
  1403 | D:2      | Reached XP level 4. HP: 7/32 MP: 6/6
  1704 | D:2      | Reached skill level 1 in Armour
  1931 | D:3      | Reached XP level 5. HP: 22/37 MP: 7/7
  2224 | D:3      | Noticed Jessica
  2248 | D:3      | Killed Jessica
  2721 | D:3      | Slain by a gnoll

Illustrated notes

Levels and vault maps discovered:
D:1:      scummos_arrival_forest, layout_basic
D:2:      minmay_recursive_quarters, layout_rooms,
          lemuel_coloured_pillars_altar, kennysheep_generic_room_10
D:3:      layout_basic, lemuel_round_altar, first_ration, bloody_trog,
          uniq_jessica

Skill      XL: |  1  2  3  4  5 |
---------------+----------------+-----
Short Blades   | 2 3 |  3.0
Armour         | 1 |  1.4
Fighting       | |  1.4
Dodging        | |  2.8
Stealth        | |  1.5
Evocations     | |  3.9

Action                   |  1- 3 |  4- 6 || total
-------------------------+-------+-------++-------
Melee: Short sword       |   122 |    96 ||   218
Evoke: Wand              |     8 |    13 ||    21
  Use: Scroll            |     6 |       ||     6
 Stab: Sleeping          |     1 |       ||     1
  Eat: Chunk             |     1 |     1 ||     2
       Ration            |       |     1 ||     1
Armor: Leather armour    |    44 |    10 ||    54
Dodge: Dodged            |    90 |    41 ||   131
